 Dungeon Crawl Stone Soup version 0.28-b1-25-g9875b3fc8c (webtiles) character file.

Game seed: 14710827314331918129

828 vvl the Firebug (level 7, -3/51 HPs)
             Began as a Demonspawn Fire Elementalist on Feb 3, 2022.
             Was an Initiate of Makhleb.
             Slain by a troll (8 damage)
             ... on level 5 of the Dungeon.
             The game lasted 00:10:55 (4963 turns).

vvl the Firebug (Demonspawn Fire Elementalist)      Turns: 4963, Time: 00:10:58

Health: -3/51      AC:  3    Str:  8    XL:     7   Next: 65%
Magic:  10/20      EV: 17    Int: 25    God:    Makhleb [......]
Gold:   197        SH:  0    Dex: 13    Spells: 5/12 levels left

rFire   . . .      SeeInvis .   j - +0 war axe
rCold   . . .      Faith    .   (no shield)
rNeg    . . .      Spirit   .   a - +0 robe
rPois   .          Reflect  .   (helmet restricted)
rElec   .          Harm     .   l - +0 cloak
rCorr   .          Rampage  .   (no gloves)
Will    .....                   (no boots)
Stlth   ++........              (no amulet)
HPRegen 0.17/turn               d - ring of magical power
MPRegen 0.17/turn               m - +4 ring of evasion

@: no status effects
A: horns 1, big brain 3
a: Renounce Religion


You were on level 5 of the Dungeon.
You worshipped Makhleb.
Makhleb was noncommittal.
You visited 2 branches of the dungeon, and saw 6 of its levels.

You collected 197 gold pieces.

Inventory:

Hand Weapons
 j - a +0 war axe (weapon)
Missiles
 e - a throwing net
Armour
 a - a +0 robe (worn)
 l - a +0 cloak (worn)
Jewellery
 d - a ring of magical power (left hand)
 m - a +4 ring of evasion (right hand)
Wands
 o - a wand of digging (6)
 q - a wand of polymorph (8)
Scrolls
 b - 2 scrolls of teleportation {unknown}
 f - 11 scrolls of identify {unknown}
 h - a scroll of blinking {unknown}
 k - 2 scrolls of enchant armour {unknown}
 p - a scroll of immolation {unknown}
 s - a scroll of noise {unknown}
Potions
 c - a potion of resistance {unknown}
 g - a potion of cancellation {unknown}
 i - a potion of curing {unknown}
 n - a potion of heal wounds {unknown}
 r - a potion of invisibility {unknown}


   Skills:
 + Level 2.7 Fighting
 + Level 2.4 Armour
 + Level 3.2 Dodging
 - Level 2.0 Stealth
 + Level 3.2 Spellcasting
 + Level 3.0 Conjurations
 + Level 3.0 Necromancy
 * Level 4.7 Fire Magic


You had 5 spell levels left.
You knew the following spells:

 Your Spells              Type           Power      Damage    Failure   Level
a - Foxfire               Conj/Fire      92%        2x1d8     1%          1
b - Scorch                Fire           54%        2d7       1%          2
c - Flame Wave            Conj/Fire      23%        2d7       9%          4

Your spell library contained the following spells:

 Spells                   Type           Power      Damage    Failure   Level
 Conjure Flame            Conj/Fire      23%        6-21      2%          3
 Inner Flame              Hex/Fire       16%        N/A       4%          3
 Ensorcelled Hibernation  Hex/Ice        8%         N/A       6%          2
 Spider Form              Tmut/Pois      4%         N/A       12%         3
 Anguish                  Hex/Necr       5%         N/A       21%         4
 Cause Fear               Hex            2%         N/A       36%         4
 Dragon Form              Tmut           2%         N/A       100%        7
 Dragon's Call            Summ           2%         N/A       100%        9


Dungeon Overview and Level Annotations

Branches:
Dungeon (5/15)             Temple (1/1) D:4

Altars:
Ashenzari
Cheibriados
Elyvilon
Fedhas
Gozag
Hepliaklqana
Kikubaaqudgha
Makhleb
Nemelex Xobeh
Okawaru
Qazlal
Ru
Sif Muna
Trog
Uskayaw
Vehumet
Wu Jian
Xom
Yredelemnul
Zin
The Shining One

Shops:
D:3 (

Annotations:
D:3 2 transporters, growler's ghost, amateur TeAE


Innate Abilities, Weirdness & Mutations

You have a pair of small horns on your head.
You have an absolutely massive brain. (Int +6, Wiz)


Message History

Casting: Scorch (safe; 1% risk of failure)
Confirm with . or Enter, or press ? or * to list all spells.
Flames lash the gnoll.
The gnoll is burned terribly!
You kill the gnoll!
Makhleb accepts your kill.
Your Conjurations skill increases to level 3!
Magic restored.
A troll comes into view.
The troll shouts!
You hear an angry hiss.
Casting: Scorch (safe; 1% risk of failure)
Confirm with . or Enter, or press ? or * to list all spells.
Flames lash the troll.
The troll is moderately wounded.
The troll's fire resistance burns away.
An adder comes into view.
Casting: Scorch (safe; 1% risk of failure)
Confirm with . or Enter, or press ? or * to list all spells.
Flames lash the troll.
The troll is burned terribly!
The troll is moderately wounded.
The troll bites you! The troll closely misses you. The troll claws you.
Casting: Scorch (safe; 1% risk of failure)
Confirm with . or Enter, or press ? or * to list all spells.
Flames lash the troll.
The troll is burned terribly!
The troll is severely wounded.
The troll closely misses you. The troll claws you! x2
* * * LOW HITPOINT WARNING * * *
Casting: Scorch (safe; 1% risk of failure)
Confirm with . or Enter, or press ? or * to list all spells.
Flames lash the troll.
The troll is burned terribly!
The troll is almost dead.
The troll completely misses you. The troll misses you. The troll claws you.
* * * LOW HITPOINT WARNING * * *
Casting: Scorch (safe; 1% risk of failure)
Confirm with . or Enter, or press ? or * to list all spells.
Flames lash the adder.
The adder is moderately wounded.
The adder's fire resistance burns away.
The troll bites you!
* * * LOW HITPOINT WARNING * * *
The troll closely misses you. The troll claws you!
You die...

.....# .....#
.....# # .....## ..
......# ##### .#.
#####.###.#.# ...
#.......# ..
#.###.#.######.#
#.# ###.....@TS#
#.#####.#####.....#
#.......# ####.#
#######.# ###


You could see a troll (combustible) and an adder (combustible).

Vanquished Creatures
  Menkaure (D:4)
  A water moccasin (D:3)
  2 ogres
  2 scorpions
  A howler monkey (D:5)
  A hound (D:4)
  A gnoll shaman (D:5)
  2 iguanas (D:5)
  5 gnolls (D:5)
  5 adders
  2 worms
  An orc (D:4)
  6 endoplasms
  4 giant cockroaches
  6 goblins
  4 hobgoblins
  2 jackals (D:5)
  5 kobolds
  2 quokkas
  9 ball pythons
  8 bats
  2 frilled lizards
  9 rats
81 creatures vanquished.

Vanquished Creatures (others)
  304 foxfires
304 creatures vanquished.

Grand Total: 385 creatures vanquished

Notes
Turn   | Place    | Note
-------+----------+-------------------------------------------
     0 | D:1      | vvl the Demonspawn Fire Elementalist began the quest for
                  | the Orb.
     0 | D:1      | Reached XP level 1. HP: 13/13 MP: 3/3
   281 | D:1      | Gained mutation: You have a pair of small horns on your
                  | head. [demonic ancestry]
   281 | D:1      | Reached XP level 2. HP: 20/20 MP: 0/5
   900 | D:1      | Found a faded altar of an unknown god.
  1115 | D:2      | Reached skill level 3 in Fire Magic
  1292 | D:2      | Gained mutation: You have an unusually large brain. (Int
                  | +2) [demonic ancestry]
  1292 | D:2      | Reached XP level 3. HP: 25/25 MP: 6/6
  2010 | D:2      | Reached skill level 1 in Necromancy
  2075 | D:2      | Reached skill level 1 in Fighting
  2200 | D:2      | Learned a level 2 spell: Scorch
  2280 | D:3      | Noticed growler's ghost (amateur TeAE)
  2281 | D:3      | Found a transporter.
  2286 | D:3      | Noticed a necrophage
  2320 | D:3      | Found a transporter.
  2361 | D:3      | Found Saboo's Weapon Shoppe.
  2389 | D:3      | Gained mutation: You have an extremely huge brain. (Int +4)
                  | [demonic ancestry]
  2389 | D:3      | Reached XP level 4. HP: 26/32 MP: 7/7
  2558 | D:3      | Noticed a water moccasin
  2564 | D:3      | Killed a water moccasin
  2565 | D:3      | Reached skill level 1 in Armour
  2565 | D:3      | Reached XP level 5. HP: 31/37 MP: 8/8
  3327 | D:4      | Reached XP level 6. HP: 44/44 MP: 10/10
  3568 | D:4      | Found a staircase to the Ecumenical Temple.
  3606 | D:4      | Reached skill level 4 in Fire Magic
  3606 | D:4      | Noticed Menkaure
  3612 | D:4      | Killed Menkaure
  3742 | Temple   | Entered the Ecumenical Temple
  3997 | Temple   | Became a worshipper of Makhleb the Destroyer
  4100 | D:4      | Gained mutation: You have an absolutely massive brain. (Int
                  | +6, Wiz) [demonic ancestry]
  4100 | D:4      | Reached XP level 7. HP: 50/50 MP: 11/11
  4243 | D:4      | Learned a level 4 spell: Flame Wave
  4256 | D:5      | Entered Level 5 of the Dungeon
  4958 | D:5      | Noticed a troll
  4963 | D:5      | Slain by a troll

Illustrated notes

Levels and vault maps discovered:
D:1:      grunt_arrival_crossed_arrows, layout_rooms, basic_ecumenical_altar
D:2:      kennysheep_big_flooded_room, layout_loops_ring, nrook_uturn,
          kennysheep_generic_room_8
D:3:      layout_basic, gammafunk_ghost_mausoleum, serial_shops,
          nicolae_shop_window_shopping
D:4:      layout_rooms, minmay_temple_entry_offerings, chequers_arboretum,
          uniq_menkaure
D:5:      layout_basic, minmay_fountain_box, grunt_decor_fettered
Temple:   mainiacjoe_temple_archimedes_tessellation

Skill      XL: |  1  2  3  4  5  6  7 |
---------------+----------------------+-----
Fire Magic     | 3 4 |  4.7
Stealth        | 2 |  2.0
Dodging        | 2 3 |  3.2
Necromancy     | 1 2 3 |  3.0
Fighting       | 1 2 |  2.7
Armour         | 1 2 |  2.4
Conjurations   | 2 3 |  3.0
Spellcasting   | 3 |  3.2

Action                   |  1- 3 |  4- 6 |  7- 9 || total
-------------------------+-------+-------+-------++-------
Melee: Unarmed           |    18 |       |       ||    18
       Hand axe          |    26 |       |       ||    26
       Headbutt          |    10 |     2 |     3 ||    15
       War axe           |     7 |     9 |     3 ||    19
 Cast: Foxfire           |    67 |    74 |    39 ||   180
       Scorch            |     3 |       |     8 ||    11
       Flame Wave        |       |       |     2 ||     2
 Stab: Sleeping          |     2 |     1 |       ||     3
       Distracted        |     1 |       |       ||     1
Armor: Robe              |    16 |    10 |       ||    26
Dodge: Dodged            |    45 |     9 |    22 ||    76
